 Dungeon Crawl Stone Soup version 0.31.0-12-g77e489cdc1 (webtiles) character file.

Game seed: 8758046315578371147

1787 Kiptir the Caller (level 8, -11/90 HPs)
             Began as a Demonspawn Brigand on Mar 1, 2024.
             Mangled by a cyclops (13 damage)
             ... on level 7 of the Dungeon.
             The game lasted 00:08:07 (6282 turns).

Kiptir the Caller (Demonspawn Brigand)              Turns: 6282, Time: 00:08:07

Health: -11/90     AC: 24    Str: 11    XL:     8   Next: 82%
Magic:  11/11      EV:  2    Int: 14    God:
Gold:   375        SH:  0    Dex: 15    Spells: 7/11 levels left

rFire   . . .        h - +2 dagger (freeze)
rCold   . . .        (no shield)
rNeg    . . .        j - melded +2 ring mail {rF+}
rPois   +            (helmet currently unavailable)
rElec   .            c - melded +0 cloak
rCorr   .            (gloves currently unavailable)
SInv    .            (boots currently unavailable)
Will    .....        (no amulet)
Stlth   ++           (no ring)
HPRegen 0.35/turn    (no ring)
MPRegen 0.12/turn

%: no passive effects
@: tree-form
A: stationary, stasis, torment immunity, boosted hp, (horns 1), repulsion field
2, foul stench 1, (spiny 1)
a: no special abilities


You were on level 7 of the Dungeon.
You were a tree.
You visited 1 branch of the dungeon, and saw 7 of its levels.

You collected 375 gold pieces.


Innate Abilities, Weirdness & Mutations

You are a tree.
Your roots penetrate the ground, keeping you stationary.
You cannot be teleported.
You are immune to unholy pain and torment.
Your maximum health is greatly increased.
Your equipment is partially melded.
((You have a pair of small horns on your head.))
You are surrounded by a moderate repulsion field. (EV +3)
You may rarely emit foul miasma when damaged in melee.
((You are partially covered in sharp spines.))


   Skills:
 - Level 4.0 Fighting
 - Level 3.0 Short Blades
 - Level 1.7 Throwing
 - Level 0.8 Dodging
 - Level 3.6 Stealth
 - Level 2.0 Spellcasting
 - Level 7.0 Summonings
 + Level 6.5 Air Magic


You had 7 spell levels left.
You knew the following spells:

 Your Spells              Type           Power      Damage    Failure   Level
l - Summon Lightning Spi  Summ/Air       20%        N/A       14%         4

Your spell library contained the following spells:

 Spells                   Type           Power      Damage    Failure   Level
 Summon Small Mammal      Summ           84%        N/A       1%          1
 Apportation              Tloc           2%         N/A       24%         1
 Magic Dart               Conj           4%         1d3       24%         1
 Necrotise                Necr           4%         1d4       24%         1
 Sting                    Conj/Alch      4%         1d3       24%         1
 Ensorcelled Hibernation  Hex/Ice        2%         N/A       34%         2
 Searing Ray              Conj           2%         2d4       34%         2
 Animate Armour           Summ/Erth      22%        N/A       50%         4
 Fugue of the Fallen      Necr           1%         N/A       56%         3
 Inner Flame              Hex/Fire       1%         N/A       56%         3
 Anguish                  Hex/Necr       0%         N/A       93%         4
 Flame Wave               Conj/Fire      1%         2d4       93%         4
 Fulminant Prism          Conj/Alch      0%         3d5       93%         4
 Sticky Flame             Fire/Alch      1%         2d4       93%         4
 Lee's Rapid Deconstruct  Erth           0%         3d4*      100%        5

Inventory:

Hand Weapons
 h - a +2 dagger of freezing (weapon)
Missiles
 d - 36 poisoned darts
 e - 4 curare-tipped darts (quivered) {=f}
 p - a throwing net {=f}
Armour
 b - a +0 robe
 c - a +0 cloak (melded)
 j - a +2 ring mail of fire resistance (melded)
Magical Staves
 s - a staff of death {!a}
 y - a staff of earth {!a}
Jewellery
 C - a ring of ice
Talismans
 A - a blade talisman
Wands
 g - a wand of flame (10)
Scrolls
 a - a scroll of enchant armour {unknown}
 l - a scroll of teleportation {unknown}
 m - 2 scrolls of vulnerability {unknown}
 n - 2 scrolls of enchant weapon
 r - a scroll of brand weapon {unknown}
 v - a scroll of noise {unknown}
 w - a scroll of immolation {unknown}
 x - a scroll of poison {unknown}
 D - a scroll of amnesia {unknown}
Potions
 f - a potion of attraction
 o - a potion of mutation
 q - a potion of brilliance
 t - 2 potions of ambrosia
 u - a potion of enlightenment
 z - a potion of curing {unknown}
 B - a potion of degeneration {unknown}

Dungeon Overview and Level Annotations

Branches:
Dungeon (7/15)
 Temple: D:4-7

Altars:
Dithmenos
Fedhas
Hepliaklqana
Kikubaaqudgha
Qazlal
Sif Muna
Vehumet
Wu Jian
Xom

###.##....
....#...
#.....
#.#..#
####.[..#
#.....#.##
#.##.#...##
##.#C#..##?.
#...♣.......
#....^.#####
#.........
#......####
##..#### #..
#.. ..#


You could see a cyclops.


Message History

The cyclops is struck by your spines. The cyclops hits you!
* * * LOW HITPOINT WARNING * * *
Unknown command.
You hit the cyclops but do no damage.
You headbutt the cyclops, but do no damage.
The cyclops is heavily wounded.
You turn into a tree.
Your +0 cloak melds into your body.
Your +2 ring mail of fire resistance melds into your body.
You feel less resistant to fire.
Your roots penetrate the ground.
The cyclops hits you but does no damage.
A cyclops is nearby!
Unknown command.
You hit the cyclops. You freeze the cyclops.
The cyclops is heavily wounded.
The cyclops hits you but does no damage.
Unknown command.
You hit the cyclops. You freeze the cyclops.
The cyclops is severely wounded.
You hit the cyclops. You freeze the cyclops.
The cyclops is severely wounded.
The cyclops hits you.
* * * LOW HITPOINT WARNING * * *
Unknown command.
You hit the cyclops. You freeze the cyclops.
The cyclops is severely wounded.
Unknown command.
You barely miss the cyclops.
The cyclops is severely wounded.
The cyclops hits you!
You die...

Skill      XL: |  1  2  3  4  5  6  7  8 |
---------------+-------------------------+-----
Fighting       | 3 4 |  4.0
Spellcasting   | 1 2 |  2.0
Short Blades   | 2 3 |  3.0
Summonings     | 1 2 4 5 7 |  7.0
Air Magic      | 1 3 4 6 |  6.5
Throwing       | |  1.7
Dodging        | |  0.8
Stealth        | |  3.6

Action                     |  1- 3 |  4- 6 |  7- 9 || total
---------------------------+-------+-------+-------++-------
  Melee: Dagger            |   161 |   195 |   171 ||   527
         Headbutt          |       |    39 |    32 ||    71
         Punch             |       |     2 |     2 ||     4
  Throw: Dart              |       |     1 |       ||     1
    Use: Scroll            |       |     5 |     3 ||     8
         Potion            |       |       |     2 ||     2
   Stab: Sleeping          |     7 |     2 |     2 ||    11
         Distracted        |       |     1 |       ||     1
 Armour: Robe              |    48 |       |       ||    48
         Ring mail         |    36 |   114 |    89 ||   239
         Skin              |       |       |     4 ||     4
  Dodge: Dodged            |   118 |   113 |    94 ||   325

Levels and vault maps discovered:
D:1:      tarquinn_simple_flora_water_e, layout_loops_corners,
          shapermc_ecumenical_altar_starsandcircs
D:2:      layout_loops_ring, eino_tiny_chamber
D:3:      minmay_goblin_kobold_castle, layout_loops_cross,
          grunt_temple_overflow_magic_moments, minmay_statues_item,
          nrook_mini_vaults
D:4:      layout_rooms, grunt_temple_overflow_forces_of_nature,
          general_overflow_altar, kennysheep_boxes
D:5:      layout_loops_corners, mainiacjoe_overflow_surrounded_room, minitemple,
          uniq_blork_the_orc, uniq_grinder
D:6:      layout_basic
D:7:      layout_rooms, amcnicky_altar_gilded, minmay_temple_entry_butterflies,
          enter_ossuary_4, grunt_tough_drop, uniq_maggie

Notes
Turn   | Place    | Note
-------+----------+-------------------------------------------
     0 | D:1      | Kiptir the Demonspawn Brigand began the quest for the Orb.
     0 | D:1      | Reached XP level 1. HP: 16/16 MP: 1/1
    93 | D:1      | Found a faded altar of an unknown god.
   180 | D:1      | Gained mutation: You may rarely emit foul miasma when
                  | damaged in melee. [demonic ancestry]
   180 | D:1      | Reached XP level 2. HP: 21/23 MP: 2/2
   468 | D:1      | Reached skill level 3 in Fighting
  1089 | D:2      | Gained mutation: You are surrounded by a mild repulsion
                  | field. (EV +2) [demonic ancestry]
  1089 | D:2      | Reached XP level 3. HP: 29/29 MP: 3/3
  1379 | D:2      | Reached skill level 4 in Fighting
  1386 | D:2      | Reached skill level 1 in Spellcasting
  1541 | D:2      | Gained mutation: You have a pair of small horns on your
                  | head. [demonic ancestry]
  1541 | D:2      | Reached XP level 4. HP: 37/37 MP: 5/5
  1802 | D:3      | Identified the +0 leather armour of Decompression {rC+
                  | rCorr Str-3 Dex+5}
  1912 | D:3      | Found an ancient bone altar of Kikubaaqudgha.
  1912 | D:3      | Found a shimmering blue altar of Sif Muna.
  1914 | D:3      | Found a radiant altar of Vehumet.
  2257 | D:3      | Reached skill level 2 in Spellcasting
  2262 | D:3      | Learned a level 4 spell: Summon Lightning Spire
  2446 | D:3      | Reached skill level 2 in Short Blades
  2456 | D:3      | Reached skill level 1 in Summonings
  2456 | D:3      | Gained mutation: You are partially covered in sharp spines.
                  | [demonic ancestry]
  2456 | D:3      | Reached XP level 5. HP: 42/42 MP: 8/8
  2466 | D:3      | Reached skill level 1 in Air Magic
  2752 | D:3      | Reached skill level 2 in Summonings
  2809 | D:3      | Gained mutation: You are surrounded by a moderate repulsion
                  | field. (EV +3) [demonic ancestry]
  2809 | D:3      | Reached XP level 6. HP: 44/48 MP: 9/9
  2827 | D:3      | Reached skill level 2 in Air Magic
  3260 | D:4      | Reached skill level 3 in Short Blades
  3300 | D:4      | Found a stormy altar of Qazlal.
  3300 | D:4      | Found a blossoming altar of Fedhas.
  3610 | D:5      | Entered Level 5 of the Dungeon
  3642 | D:5      | Reached skill level 3 in Summonings
  3652 | D:5      | Noticed Grinder
  3681 | D:5      | Paralysed by Grinder for 5 turns
  3688 | D:5      | Paralysed by Grinder for 3 turns
  3697 | D:5      | Paralysed by Grinder for 3 turns
  3699 | D:5      | Killed Grinder
  3700 | D:5      | Reached skill level 4 in Summonings
  3700 | D:5      | Reached skill level 3 in Air Magic
  3700 | D:5      | Reached XP level 7. HP: 13/54 MP: 10/10
  3940 | D:5      | Noticed Blork the orc
  3952 | D:5      | Killed Blork the orc
  3953 | D:5      | Reached skill level 4 in Air Magic
  4055 | D:5      | Found a shadowy altar of Dithmenos.
  4213 | D:5      | Reached skill level 5 in Summonings
  4314 | D:5      | Reached XP level 8. HP: 60/60 MP: 11/11
  4685 | D:5      | Found an ornate altar of the Wu Jian Council.
  4686 | D:5      | Found a hazy altar of Hepliaklqana.
  4687 | D:5      | Found a shimmering altar of Xom.
  4777 | D:6      | Reached skill level 5 in Air Magic
  4845 | D:6      | Reached skill level 6 in Summonings
  5035 | D:6      | Reached skill level 7 in Summonings
  5422 | D:6      | Reached skill level 6 in Air Magic
  6084 | D:7      | Noticed a cyclops
  6275 | D:7      | HP: 2/60 [cyclops (11)]
  6280 | D:7      | HP: 2/90 [cyclops (3)]
  6282 | D:7      | Mangled by a cyclops

Vanquished Creatures
  Grinder (D:5)
  A water moccasin (D:6)
  3 black bears
  2 ogres
  A phantom (D:5)
  A kobold brigand (D:6)
  Blork the orc (D:5)
  2 scorpions (D:6)
  5 hounds
  A jelly (D:6)
  2 orc priests
  2 iguanas
  4 orc wizards (D:6)
  10 gnolls (D:3)
  5 adders
  A white imp (D:6)
  2 ufetubi (D:5)
  A dart slug (D:3)
  A ribbon worm (D:2)
  8 orcs
  7 ball pythons
  6 bats
  9 endoplasms
  2 giant cockroaches
  30 goblins
  32 hobgoblins
  6 jackals
  21 kobolds
  4 quokkas
  8 frilled lizards
  6 rats
185 creatures vanquished.

Table legend: (Time is in decaauts)
 A = Elapsed time spent in this place.
 B = Non-inter-level travel time spent in this place.
 C = Inter-level travel time spent in this place.
 D = Time resting spent in this place.
 E = Time spent auto-exploring this place.
 F = Levels seen in this place.
 G = Mean time per level.
                   A        B        C        D        E       F      G
               +--------+--------+--------+--------+--------+-----+--------+
         Total |   6236 |   5986 |    250 |    186 |   4620 |   7 |  890.9 |
       Dungeon |   6236 |   5986 |    250 |    186 |   4620 |   7 |  890.9 |
               +--------+--------+--------+--------+--------+-----+--------+

Top non-repeatable levels by time:
     D:6: 1460 daAuts
     D:3: 1378 daAuts
     D:5: 1152 daAuts
     D:1: 1026 daAuts
     D:2: 651 daAuts
     D:4: 534 daAuts
     D:7: 33 daAuts

Table legend:
 A = Non-vault XP
 B = Vault XP
 C = Vault XP percentage of total XP
 D = Non-vault monster count
 E = Vault monster count
 F = Vault count percentage of total count
                 A         B        C        D         E       F
            +---------+---------+-------+---------+---------+-------
      Total |    1941 |     612 |  24.0 |     120 |      65 |  35.1
            +---------+---------+-------+---------+---------+-------
        D:1 |      36 |       0 |   0.0 |      25 |       0 |   0.0
        D:2 |      61 |       0 |   0.0 |      28 |       0 |   0.0
        D:3 |      84 |     244 |  74.4 |      15 |      63 |  80.8
        D:4 |     109 |       0 |   0.0 |      11 |       0 |   0.0
        D:5 |     628 |     368 |  36.9 |      14 |       2 |  12.5
        D:6 |    1023 |       0 |   0.0 |      27 |       0 |   0.0
            +---------+---------+-------+---------+---------+-------
